 Dungeon Crawl Stone Soup version 0.30-a0-824-g6c64550be9 (webtiles) character file.

Game seed: 11728532164354221984

68 Nacht the Sneak (level 4, 0/36 HPs)
             Began as a Naga Earth Elementalist on Feb 27, 2023.
             Hit by a goblin thrown by Robin (3 damage)
             ... on level 3 of the Dungeon.
             The game lasted 00:01:53 (2268 turns).

Nacht the Sneak (Naga Earth Elementalist)           Turns: 2268, Time: 00:01:53

Health: 0/36       AC:  2    Str: 10    XL:     4   Next: 19%
Magic:  6/7        EV:  9    Int: 18    God:
Gold:   145        SH:  0    Dex: 11    Spells: 1/7 levels left

rFire   . . .      SeeInvis +    (no weapon)
rCold   . . .      Faith    .    (no shield)
rNeg    . . .      Spirit   .    a - +0 robe
rPois   +          Reflect  .    (no helmet)
rElec   .          Harm     .    (no cloak)
rCorr   .          Rampage  .    (no gloves)
Will    .....                    (no barding)
Stlth   ++                       (no amulet)
HPRegen 0.26/turn                (no ring)
MPRegen 0.10/turn                (no ring)

@: very slow
A: AC +1, large, see invisible, deformed body, poison resistance, slowness 2,
spit poison 1, naga tail 1
a: Spit Poison


You were on level 3 of the Dungeon.
You visited 1 branch of the dungeon, and saw 3 of its levels.

You collected 145 gold pieces.

Inventory:

Armour
 a - a +0 robe (worn)
Scrolls
 c - 3 scrolls of identify {unknown}
 d - a scroll of poison {unknown}
 e - a scroll of silence {unknown}
 h - a scroll of amnesia {unknown}
 i - a scroll of enchant armour {unknown}
 l - a scroll of teleportation {unknown}
Potions
 b - a potion of magic
 f - a potion of heal wounds {unknown}
 g - 2 potions of degeneration {unknown}
 j - 2 potions of curing {unknown}
 k - 3 potions of attraction {unknown}
 m - a potion of brilliance {unknown}


   Skills:
 - Level 1.5 Dodging
 + Level 4.4 Stealth
 - Level 2.0 Spellcasting
 * Level 0.7 Conjurations
 - Level 1.0 Transmutations
 * Level 4.3 Earth Magic


You had one spell level left.
You knew the following spells:

 Your Spells              Type           Power      Damage    Failure   Level
a - Sandblast             Erth           34%        2d9       3%          1
b - Stone Arrow           Conj/Erth      20%        3d8       19%         3
w - Passwall              Tmut/Erth      9%         N/A       10%         2

Your spell library contained the following spells:

 Spells                   Type           Power      Damage    Failure   Level
 Petrify                  Tmut/Erth      11%        N/A       52%         4


Dungeon Overview and Level Annotations

Branches:
Dungeon (3/15)

Altars:

Annotations:
D:2 1 runed translucent door, Crazy Yiuf
D:3 Robin


Innate Abilities, Weirdness & Mutations

Your serpentine skin is tough. (AC +1)
You have supernaturally acute eyesight. (SInv)
Armour fits poorly on your strangely shaped body.
Your system is resistant to poisons. (rPois)
You cover ground very slowly.
You can spit poison.
You have a snake-like lower body.


Message History

Robin is lightly wounded.
The goblin shouts!
You hear a shout!
The goblin shoots a sling bullet.
The sling bullet hits you.
The goblin shoots a sling bullet.
The sling bullet barely misses you. Robin throws the goblin at you!
The goblin completely misses you.
The goblin shoots a sling bullet.
The sling bullet hits you.
The goblin shoots a sling bullet.
The sling bullet hits you.
You miss the goblin. The goblin barely misses you.
The goblin shoots a sling bullet.
The sling bullet hits you but does no damage.
The goblin shoots a sling bullet.
The sling bullet hits you.
Casting: Sandblast (safe; 3% risk of failure)
Confirm with . or Enter, or press ? or * to list all spells.
Aiming: Sandblast (safe; 3% risk of failure)
Press: ? - help, Shift-Dir - straight line, f - goblin, p - Robin
Aim: a goblin, wielding a +0 club (strong, 77% to hit)
The blast of sand hits the goblin.
You kill the goblin!
The goblin shoots a sling bullet.
The sling bullet hits you.
The goblin shoots a sling bullet.
The sling bullet barely misses you.
The goblin shouts!
Robin attacks as you move away! Robin barely misses you.
The goblin shoots a sling bullet.
The sling bullet hits you.
Robin says, "Feeling lonely?"
You see here a +0 club.
Robin roars a battlecry!
The goblins go into a battle-frenzy!
The goblin shoots a sling bullet.
The sling bullet closely misses you.
The goblin shouts!
Robin throws the goblin at you! The goblin hits you with a +0 club.
Robin throws the goblin at you! The goblin barely misses you.
The goblin unwields a +0 sling.
The goblin wields a +0 club.
The goblin hits you with a +0 club.
* * * LOW HITPOINT WARNING * * *
The goblin attacks as you move away! The goblin closely misses you.
The goblin hits you but does no damage. The goblin hits you with a +0 club.
* * * LOW HITPOINT WARNING * * *
Robin throws the goblin at you!
You die...

$..#g.gB.#............
#......g...............
#...#..................
#.....###.............
#....g................
.......#..####...........
.....####ggg...†.......>
..... ###..g.g..#... ....
#...#g@...#.# ...
#..#####.....# ... #..#
###...# ...# ##.## ###.
#.## # #..#### ##....##
##....<## #.>.....#


You could see Robin, a hobgoblin (strong) and 5 goblins.

Vanquished Creatures
  3 adders (D:2)
  2 ball pythons (D:1)
  4 endoplasms
  2 giant cockroaches (D:1)
  6 goblins
  2 hobgoblins
  4 quokkas
  3 bats
  A frilled lizard (D:2)
  5 kobolds
  6 rats
38 creatures vanquished.

Notes
Turn   | Place    | Note
-------+----------+-------------------------------------------
     0 | D:1      | Nacht the Naga Earth Elementalist began the quest for the
                  | Orb.
     0 | D:1      | Reached XP level 1. HP: 15/15 MP: 3/3
   258 | D:1      | Reached XP level 2. HP: 22/22 MP: 1/5
   848 | D:2      | Reached XP level 3. HP: 28/28 MP: 3/6
  1113 | D:2      | Found a runed translucent door.
  1114 | D:2      | Noticed Crazy Yiuf
  1196 | D:2      | Learned a level 3 spell: Stone Arrow
  1199 | D:2      | Learned a level 2 spell: Passwall
  1893 | D:2      | Reached XP level 4. HP: 36/36 MP: 4/7
  2182 | D:3      | Noticed Robin
  2268 | D:3      | Hit by a goblin thrown by Robin

Illustrated notes

Levels and vault maps discovered:
D:1:      dpeg_arrival_rooms_c, layout_loops_ring, minmay_indecisive_spiral
D:2:      layout_basic, minivault_27, minmay_split_cup_large,
          uniq_crazy_yiuf_cottage
D:3:      layout_rooms, uniq_robin, uniq_terence

Skill      XL: |  1  2  3 |
---------------+----------+-----
Stealth        | 4 |  4.4
Earth Magic    | 4 |  4.3
Dodging        | |  1.5
Spellcasting   | |  2.0
Conjurations   | |  0.7
Transmutations | |  1.0

Action                     |  1- 3 |  4- 6 || total
---------------------------+-------+-------++-------
  Melee: Unarmed           |     8 |     1 ||     9
   Cast: Sandblast         |    45 |     9 ||    54
 Armour: Robe              |     7 |     6 ||    13
  Dodge: Dodged            |    16 |    12 ||    28

Table legend: (Time is in decaauts)
 A = Elapsed time spent in this place.
 B = Non-inter-level travel time spent in this place.
 C = Inter-level travel time spent in this place.
 D = Time resting spent in this place.
 E = Time spent auto-exploring this place.
 F = Levels seen in this place.
 G = Mean time per level.
                   A        B        C        D        E       F      G
               +--------+--------+--------+--------+--------+-----+--------+
         Total |   2926 |   2800 |    126 |      0 |   2526 |   3 |  975.3 |
       Dungeon |   2926 |   2800 |    126 |      0 |   2526 |   3 |  975.3 |
               +--------+--------+--------+--------+--------+-----+--------+

Top non-repeatable levels by time:
     D:2: 1761 daAuts
     D:1: 1064 daAuts
     D:3: 100 daAuts
